PUBAA
SPOKANE WORDS @ BASS LAKE BASS
05/27/1972
 
TOP OF THE 1ST
Spokane Words batting - Pitching for Bass Lake Bass : RHP Seth Adams
Pitching: RHP Seth Adams
Batting: LHB David Marroquín 0-0: Foul Ball, location: 2F
0-1: Called Strike
0-2: Ball
1-2: Strikes out swinging
Batting: RHB Jim Wohlford 0-0: Ball
1-0: Ball
2-0: Called Strike
2-1: Ball
3-1: Fly out, F5 (Popup, 5SF, EV 64.4 MPH)
Batting: LHB Myeong-hun Han 0-0: Ball
1-0: Swinging Strike
1-1: Swinging Strike
1-2: Ball
2-2: Foul Ball, location: 5SF
2-2: Foul Ball, location: 7LMF
2-2: Ball
3-2: Fly out, F9 (Flyball, 9, EV 90.0 MPH)
Top of the 1st over - 0 runs, 0 hits, 0 errors, 0 left on base; Spokane 0 - Bass Lake 0
BOTTOM OF THE 1ST
Bass Lake Bass batting - Pitching for Spokane Words : RHP Bill Williams
Pitching: RHP Bill Williams
Batting: RHB Tanner Ferguson 0-0: Swinging Strike
0-1: Foul Ball, location: 2F
0-2: Strikes out looking
Batting: SHB Aaron Johnson 0-0: Bunt for hit to 3S - play at first, batter OUT! 3-4
Batting: SHB Franklin Barton 0-0: Ground out U3 (Groundball, 3, EV 86.3 MPH)
Bottom of the 1st over - 0 runs, 0 hits, 0 errors, 0 left on base; Spokane 0 - Bass Lake 0
TOP OF THE 2ND
Spokane Words batting - Pitching for Bass Lake Bass : RHP Seth Adams
Batting: RHB David Thomas 0-0: Ball
1-0: Ball
2-0: Ground out 6-3 (Groundball, 6, EV 87.5 MPH)
Batting: RHB Paul Trewin 0-0: Ball
1-0: Fly out, F8 (Flyball, 8LM, EV 83.1 MPH)
Batting: LHB Tim Gates 0-0: Ball
1-0: Foul Ball, location: 2F
1-1: Ball
2-1: Ball
3-1: Foul Ball, location: 5F
3-2: Strikes out swinging
Top of the 2nd over - 0 runs, 0 hits, 0 errors, 0 left on base; Spokane 0 - Bass Lake 0
BOTTOM OF THE 2ND
Bass Lake Bass batting - Pitching for Spokane Words : RHP Bill Williams
Batting: RHB Jack Monroe 0-0: Swinging Strike
0-1: Called Strike
0-2: Ball
1-2: Ball
2-2: Strikes out looking
Batting: RHB Ánibal Villegas 0-0: Foul Ball, location: 23FF
0-1: Ball
1-1: Swinging Strike
1-2: Ball
2-2: Fly out, F8 (Flyball, 8LM, EV 82.5 MPH)
Batting: RHB John Williams 0-0: Ball
1-0: Called Strike
1-1: Ball
2-1: SINGLE (Groundball, 4MD, EV 101.9 MPH)
Batting: RHB Kahu Awoonga 0-0: Ball
1-0: Called Strike
1-1: Swinging Strike
1-2: Strikes out swinging
Bottom of the 2nd over - 0 runs, 1 hit, 0 errors, 1 left on base; Spokane 0 - Bass Lake 0
TOP OF THE 3RD
Spokane Words batting - Pitching for Bass Lake Bass : RHP Seth Adams
Batting: LHB Mike Marshall 0-0: Ball
1-0: Swinging Strike
1-1: Ball
2-1: Ball
3-1: Base on Balls
Batting: RHB Dave Roberts 0-0: Called Strike
0-1: Ball
1-1: Bunt - Flyout to 13S! F1
Batting: RHB Joe Rombouts 0-0: Foul Ball, location: 2LF
0-1: Ball
1-1: Ball
2-1: Foul Ball, location: 9LMF
2-2: Ball
3-2: Foul Ball, location: 3SF
3-2: Foul Ball, location: 25F
3-2: Grounds into double play, 3-6-3 (Groundball, 34, EV 78.8 MPH)
Top of the 3rd over - 0 runs, 0 hits, 0 errors, 0 left on base; Spokane 0 - Bass Lake 0
BOTTOM OF THE 3RD
Bass Lake Bass batting - Pitching for Spokane Words : RHP Bill Williams
Batting: LHB Gene Lamont 0-0: Foul Ball, location: 2F
0-1: Foul Ball, location: 7LDF
0-2: Ball
1-2: Foul Ball, location: 7LDF
1-2: Ball
2-2: Ball
3-2: Strikes out swinging
Batting: LHB Jason Warren 0-0: Ball
1-0: Foul Ball, location: 2F
1-1: Foul Ball, location: 3FF
1-2: Strikes out looking
Batting: RHB Tanner Ferguson 0-0: Ball
1-0: Foul Ball, location: 9LDF
1-1: SINGLE (Flyball, 9S, EV 84.4 MPH)
Batting: SHB Aaron Johnson 0-0: Ball
1-0: Ball
2-0: Called Strike
2-1: Foul Ball, location: 7LSF
2-2: Foul Ball, location: 7LSF
2-2: Fly out, F8 (Flyball, 8LS, EV 88.1 MPH)
Bottom of the 3rd over - 0 runs, 1 hit, 0 errors, 1 left on base; Spokane 0 - Bass Lake 0
TOP OF THE 4TH
Spokane Words batting - Pitching for Bass Lake Bass : RHP Seth Adams
Batting: LHB David Marroquín 0-0: Swinging Strike
0-1: Called Strike
0-2: Foul Ball, location: 25FF
0-2: Ball
1-2: Ball
2-2: Foul Ball, location: 2RF
2-2: Fly out, F3 (Line Drive, 34, EV 68.1 MPH)
Batting: RHB Jim Wohlford 0-0: Ball
1-0: Ball
2-0: Ball
3-0: Called Strike
3-1: Foul Ball, location: 2F
3-2: Foul Ball, location: 2F
3-2: Strikes out swinging
Batting: LHB Myeong-hun Han 0-0: Foul Ball, location: 23F
0-1: Swinging Strike
0-2: Foul Ball, location: 2F
0-2: Strikes out looking
Top of the 4th over - 0 runs, 0 hits, 0 errors, 0 left on base; Spokane 0 - Bass Lake 0
BOTTOM OF THE 4TH
Bass Lake Bass batting - Pitching for Spokane Words : RHP Bill Williams
Batting: SHB Franklin Barton 0-0: Swinging Strike
0-1: Foul Ball, location: 7LMF
0-2: Ball
1-2: Foul Ball, location: 25F
1-2: Foul Ball, location: 3F
1-2: Ball
2-2: Ball
3-2: Ground out 3-1 (Groundball, 34, EV 87.5 MPH)
Batting: RHB Jack Monroe 0-0: Ball
1-0: Ball
2-0: Called Strike
2-1: Ball
3-1: Ground out 5-3 (Groundball, 56S, EV 81.9 MPH)
Batting: RHB Ánibal Villegas 0-0: Ball
1-0: Ball
2-0: Foul Ball, location: 5F
2-1: Foul Ball, location: 9LDF
2-2: Fly out, F7 (Flyball, 78M, EV 93.8 MPH)
Bottom of the 4th over - 0 runs, 0 hits, 0 errors, 0 left on base; Spokane 0 - Bass Lake 0
TOP OF THE 5TH
Spokane Words batting - Pitching for Bass Lake Bass : RHP Seth Adams
Batting: RHB David Thomas 0-0: Ball
1-0: Ball
2-0: SINGLE (Line Drive, 3D, EV 106.3 MPH)
Batting: RHB Paul Trewin 0-0: Ball
1-0: Ball
2-0: Ball
3-0: Called Strike
3-1: Base on Balls
David Thomas to second
Batting: LHB Tim Gates 0-0: Bunted foul
0-1: Bunt - Flyout to 5S! F5
Batting: LHB Mike Marshall 0-0: Called Strike
0-1: Ground out U3 (Groundball, 3, EV 89.4 MPH)
David Thomas to third
Paul Trewin to second
Batting: RHB Dave Roberts 0-0: Swinging Strike
0-1: Ball
1-1: Fly out, F8 (Flyball, 8RD, EV 106.3 MPH)
Top of the 5th over - 0 runs, 1 hit, 0 errors, 2 left on base; Spokane 0 - Bass Lake 0
BOTTOM OF THE 5TH
Bass Lake Bass batting - Pitching for Spokane Words : RHP Bill Williams
Batting: RHB John Williams 0-0: Called Strike
0-1: Ground out 6-3 (Groundball, 6, EV 85.6 MPH)
Batting: RHB Kahu Awoonga 0-0: Ball
1-0: Called Strike
1-1: Called Strike
1-2: Ground out 3-1 (Groundball, 34, EV 88.1 MPH)
Batting: LHB Gene Lamont 0-0: Foul Ball, location: 2F
0-1: Foul Ball, location: 7LMF
0-2: Ball
1-2: Fly out, F9 (Flyball, 9LS, EV 91.9 MPH)
Bottom of the 5th over - 0 runs, 0 hits, 0 errors, 0 left on base; Spokane 0 - Bass Lake 0
TOP OF THE 6TH
Spokane Words batting - Pitching for Bass Lake Bass : RHP Seth Adams
Batting: RHB Joe Rombouts 0-0: Ball
1-0: Ball
2-0: Ball
3-0: Called Strike
3-1: Base on Balls
Batting: LHB David Marroquín 0-0: Fly out, F2 (Popup, 25F, EV 89.4 MPH)
Batting: RHB Jim Wohlford 0-0: Fielders Choice at 2nd, 4-6 (Groundball, 4M, EV 84.4 MPH)
Batting: LHB Myeong-hun Han 0-0: Called Strike
0-1: Foul Ball, location: 7LMFF
0-2: Ball
1-2: Ball
2-2: SINGLE (Groundball, 13S, EV 66.9 MPH) (infield hit)
Jim Wohlford to second
Batting: RHB David Thomas 0-0: Ball
1-0: Called Strike
1-1: Ball
2-1: Foul Ball, location: 25F
2-2: Ball
3-2: Foul Ball, location: 9LDF
3-2: Foul Ball, location: 2F
3-2: Strikes out swinging
Top of the 6th over - 0 runs, 1 hit, 0 errors, 2 left on base; Spokane 0 - Bass Lake 0
BOTTOM OF THE 6TH
Bass Lake Bass batting - Pitching for Spokane Words : RHP Bill Williams
Batting: LHB Jason Warren 0-0: Ball
1-0: Reached on error, E6 (Groundball, 4M, EV 80.6 MPH)
Batting: RHB Tanner Ferguson 0-0: Foul Ball, location: 3F
0-1: Foul Ball, location: 3SF
0-2: Ball
1-2: Ball
2-2: Ball
3-2: DOUBLE (Line Drive, 7LM, EV 96.9 MPH)
Jason Warren scores
Batting: SHB Aaron Johnson 0-0: Ball
1-0: Ball
2-0: Ball
3-0: Base on Balls
Batting: SHB Franklin Barton 0-0: Ball
1-0: Called Strike
Tanner Ferguson is caught stealing 3rd base 2-5
Aaron Johnson to second
1-1: Ball
2-1: Ball
3-1: Base on Balls
Batting: RHB Jack Monroe 0-0: Ball
1-0: Hit by Pitch
Aaron Johnson to third
Franklin Barton to second
Batting: RHB Ánibal Villegas 0-0: Ball
1-0: Foul Ball, location: 2F
1-1: Called Strike
1-2: Ball
2-2: Strikes out swinging
Batting: RHB John Williams 0-0: Ball
1-0: Ball
2-0: Fly out, F9 (Line Drive, 89M, EV 110.6 MPH)
Bottom of the 6th over - 1 run, 1 hit, 1 error, 3 left on base; Spokane 0 - Bass Lake 1
TOP OF THE 7TH
Spokane Words batting - Pitching for Bass Lake Bass : RHP Seth Adams
Pinch Hitting: RHB Ricky Parkinson 0-0: Called Strike
0-1: Ball
1-1: Ball
2-1: Fly out, F8 (Flyball, 89D, EV 103.1 MPH)
Batting: LHB Tim Gates 0-0: Ball
1-0: Ball
2-0: Called Strike
2-1: Foul Ball, location: 7LDF
2-2: Ground out 4-3 (Groundball, 4, EV 84.4 MPH)
Batting: LHB Mike Marshall 0-0: Called Strike
0-1: Ball
1-1: Swinging Strike
1-2: Strikes out swinging
Top of the 7th over - 0 runs, 0 hits, 0 errors, 0 left on base; Spokane 0 - Bass Lake 1
BOTTOM OF THE 7TH
Bass Lake Bass batting - Pitching for Spokane Words : RHP Bill Williams
Now at 1B: Bruce Velazquez
Batting: RHB Kahu Awoonga 0-0: Called Strike
0-1: Ball
1-1: Foul Ball, location: 2F
1-2: Ground out 1-3 (Groundball, 15S, EV 63.1 MPH)
Batting: LHB Gene Lamont 0-0: Foul Ball, location: 3FF
0-1: Foul Ball, location: 2F
0-2: SINGLE (Line Drive, 8LS, EV 93.8 MPH)
Batting: LHB Jason Warren 0-0: Ball
1-0: Ball
2-0: Called Strike
2-1: Foul Ball, location: 2F
2-2: Ball
3-2: Base on Balls
Gene Lamont to second
Batting: RHB Tanner Ferguson 0-0: Ball
1-0: Foul Ball, location: 9LSF
1-1: Ball
2-1: Foul Ball, location: 2F
2-2: Ball
3-2: Fly out, F8 (Flyball, 8LD, EV 87.5 MPH)
Batting: SHB Aaron Johnson 0-0: Called Strike
0-1: Ball
1-1: Ground out 3-1 (Groundball, 34, EV 108.1 MPH)
Bottom of the 7th over - 0 runs, 1 hit, 0 errors, 2 left on base; Spokane 0 - Bass Lake 1
TOP OF THE 8TH
Spokane Words batting - Pitching for Bass Lake Bass : RHP Seth Adams
Batting: RHB Dave Roberts 0-0: Ball
1-0: Ground out 1-3 (Groundball, 15S, EV 66.3 MPH)
Pitching: LHP Randy Ferguson
Batting: RHB Joe Rombouts 0-0: Called Strike
0-1: Foul Ball, location: 2F
0-2: Ground out 6-3 (Groundball, 56, EV 79.4 MPH)
Batting: LHB David Marroquín 0-0: Foul Ball, location: 7LSF
0-1: Ground out 4-3 (Groundball, 34, EV 100.6 MPH)
Top of the 8th over - 0 runs, 0 hits, 0 errors, 0 left on base; Spokane 0 - Bass Lake 1
BOTTOM OF THE 8TH
Bass Lake Bass batting - Pitching for Spokane Words : RHP Bill Williams
Batting: SHB Franklin Barton 0-0: Called Strike
0-1: Foul Ball, location: 2F
0-2: Strikes out swinging
Batting: RHB Jack Monroe 0-0: Ball
1-0: Fly out, F8 (Flyball, 8LD, EV 107.5 MPH)
Batting: RHB Ánibal Villegas 0-0: Ball
1-0: Ground out 1-6-3 (Groundball, 15S, EV 108.1 MPH)
Bottom of the 8th over - 0 runs, 0 hits, 0 errors, 0 left on base; Spokane 0 - Bass Lake 1
TOP OF THE 9TH
Spokane Words batting - Pitching for Bass Lake Bass : LHP Randy Ferguson
Now at 3B: Robert Curry
Now in LF: Jared Lowery
Now in RF: Vernon Palmer
Batting: RHB Jim Wohlford 0-0: Ball
1-0: Called Strike
1-1: Foul Ball, location: 7LDF
1-2: Foul Ball, location: 2F
1-2: Foul Ball, location: 7LSF
1-2: Ball
2-2: Foul Ball, location: 7LSF
2-2: Foul Ball, location: 2F
2-2: Strikes out swinging
Pinch Hitting: RHB Cole Martin 0-0: Swinging Strike
0-1: Ball
1-1: Foul Ball, location: 5FF
1-2: Ball
2-2: Strikes out swinging
Batting: RHB David Thomas 0-0: Foul Ball, location: 5SF
0-1: Foul Ball, location: 2F
0-2: Ball
1-2: Ball
2-2: Foul Ball, location: 2F
2-2: Ball
3-2: Foul Ball, location: 9LDF
3-2: SINGLE (Flyball, 9LD, EV 111.9 MPH)
Batting: RHB Bruce Velazquez 0-0: Ball
1-0: Foul Ball, location: 23F
1-1: Foul Ball, location: 2F
1-2: Ball
2-2: Ball
3-2: Base on Balls
David Thomas to second
Batting: LHB Tim Gates 0-0: Ball
1-0: Ball
2-0: Called Strike
2-1: Fly out, F9 (Flyball, 9LM, EV 90.6 MPH)
Top of the 9th over - 0 runs, 1 hit, 0 errors, 2 left on base; Spokane 0 - Bass Lake 1
Thursday, March 21st , 2024 - OOTP Baseball 24.8 Build 75